 Dungeon Crawl Stone Soup version 0.25.1-2-g60ff931df9 (webtiles) character file.

Game seed: 3010604448856030185

1397 Ounim the Cleaver (level 8, -2/105 HPs)
             Began as a Hill Orc Berserker on Aug 30, 2020.
             Was an Elder of Trog.
             Slain by an ogre
             ... wielding a +0 giant club
              (21 damage)
             ... on level 5 of the Dungeon on Sept 3, 2020.
             The game lasted 01:07:34 (6984 turns).

Ounim the Cleaver (Hill Orc Berserker)              Turns: 6984, Time: 01:07:35

Health: -2/105     AC:  9    Str: 21    XL:     8   Next: 69%
Magic:  8/8        EV: 11    Int:  7    God:    Trog [****..]
Gold:   239        SH:  0    Dex: 11    Spells: 7/7 levels left

rFire    . . .     SeeInvis +   q - +0 battleaxe
rCold    . . .     Gourm    .   (shield currently unavailable)
rNeg     . . .     Faith    .   f - +0 scale mail
rPois    .         Spirit   .   r - +0 helmet
rElec    .         Reflect  .   (no cloak)
rCorr    .         Harm     .   (no gloves)
MR       .....                  (no boots)
Stlth    ..........             (no amulet)
HPRegen  0.27/turn              n - ring of see invisible
MPRegen  0.11/turn              (no ring)

@: berserking, very quick
A: no striking features
a: Berserk, Trog's Hand, Brothers in Arms, Renounce Religion


You were on level 5 of the Dungeon.
You worshipped Trog.
Trog was greatly pleased with you.
You were very hungry.

You visited 1 branch of the dungeon, and saw 6 of its levels.

You collected 239 gold pieces.

Inventory:

Hand Weapons
 a - a +1 hand axe
 b - a +0 hunting sling
 d - a +0 hand axe
 e - a +0 club
 i - a +2 falchion of holy wrath
 j - a +2 vorpal mace
 k - a cursed +0 hand axe
 q - a +0 battleaxe (weapon)
 w - a +2 whip of venom
 x - a +0 shortbow
 B - a +0 trident
 D - a +0 battleaxe
Missiles
 g - 132 stones (quivered)
 v - 11 bolts
 z - 24 arrows
 E - 20 sling bullets
Armour
 f - a +0 scale mail (worn)
 m - a +0 plate armour
 r - a +0 helmet (worn)
 F - a +0 plate armour
Jewellery
 n - a ring of see invisible (left hand)
 C - an uncursed ring of fire
Wands
 u - a wand of enslavement (10)
 y - a wand of digging (3)
Scrolls
 p - a scroll of identify
 s - a scroll of immolation
 t - 3 scrolls of remove curse
Potions
 h - a potion of lignification
 l - 2 potions of might
 o - a potion of flight {unknown}
 A - a potion of haste
Comestibles
 c - 6 rations


   Skills:
 + Level 5.9 Fighting
 + Level 8.8 Axes
 + Level 1.4(2.1) Slings
 + Level 2.1(2.3) Throwing
 + Level 7.0 Armour
 + Level 2.3 Dodging
 + Level 1.1 Stealth


You had 7 spell levels left.
You didn't know any spells.
Your spell library was empty.

Dungeon Overview and Level Annotations

Branches:
Dungeon (6/15)
 Temple: D:4-7

Altars:
Ashenzari
Cheibriados
Dithmenos
Fedhas
Gozag
Kikubaaqudgha
Makhleb
Nemelex Xobeh
Ru
Uskayaw
Vehumet

Annotations:
D:6 Dowan, Duvessa


Message History

The ogre is moderately wounded.
The ogre hits you but does no damage.
You barely miss the ogre.
The ogre is moderately wounded.
The ogre hits you with a +0 giant club!
You barely miss the ogre.
The ogre is moderately wounded.
The ogre barely misses you.
You slice the ogre!!
The ogre is almost dead.
The ogre hits you with a +0 giant club!
You barely miss the ogre.
The ogre is almost dead.
The ogre hits you with a +0 giant club!!
* * * LOW HITPOINT WARNING * * *
A red film seems to cover your vision as you go berserk!
You feel yourself moving faster!
You feel mighty!
You are feeling very hungry.
The ogre hits you with a +0 giant club!!
You die...

..##..................[##...###..
..##.......###.........#..#..#..#
..#........##.........#..........
....##..<..................##....
...........<...##...#....######..
................#...##....####...
................#.#####.....##..#
..###...........#.######.......##
..#............O@........#.....#
...................##....##....#
.................##...#..##....#
.##..................##..##...##
.............#...........##...#
............##..#........##...#
............###.##...[.####...#
#.....####.## ####...### #####
###....#...# #####


You could see an ogre.

Vanquished Creatures
  An orc warrior (D:5)
  3 ogres (D:4)
  A centaur (D:4)
  3 bullfrogs (D:5)
  3 vampire bats (D:2)
  3 howler monkeys
  A bullfrog skeleton (D:4)
  3 orc priests
  4 hounds
  An iron imp (D:5)
  An iguana (D:5)
  2 worker ants (D:4)
  A worker ant zombie (D:5)
  7 adders
  A shadow imp (D:5)
  3 worms
  A dart slug (D:2)
  3 leopard geckos
  An orc (D:5)
  3 ball pythons
  9 bats
  A bat skeleton (D:2)
  5 bat zombies (D:2)
  3 giant cockroaches
  7 goblins
  10 hobgoblins
  13 jackals
  12 kobolds
  4 quokkas
  5 frilled lizards
  A jackal zombie (D:4)
  A leopard gecko skeleton (D:4)
  A quokka skeleton (D:6)
  4 rats
122 creatures vanquished.

Vanquished Creatures (others)
  A worker ant (D:5)
1 creature vanquished.

Grand Total: 123 creatures vanquished

Notes
Turn   | Place    | Note
-------+----------+-------------------------------------------
     0 | D:1      | Ounim the Hill Orc Berserker began the quest for the Orb.
     0 | D:1      | Reached XP level 1. HP: 19/19 MP: 1/1
   173 | D:1      | Reached XP level 2. HP: 23/27 MP: 2/2
   479 | D:1      | Reached ** piety under Trog
   517 | D:1      | Reached XP level 3. HP: 33/33 MP: 3/3
  1609 | D:2      | Reached XP level 4. HP: 41/41 MP: 4/4
  1879 | D:2      | Found an ancient bone altar of Kikubaaqudgha.
  1890 | D:2      | Reached skill level 5 in Axes
  1890 | D:2      | Reached skill level 1 in Throwing
  1892 | D:2      | Reached XP level 5. HP: 47/47 MP: 5/5
  2221 | D:3      | Found a faded altar of an unknown god.
  2265 | D:3      | Reached *** piety under Trog
  2810 | D:3      | Found a hide-covered altar of Uskayaw.
  2810 | D:3      | Found a radiant altar of Vehumet.
  2821 | D:3      | Reached XP level 6. HP: 53/53 MP: 6/6
  3573 | D:4      | HP: 2/53 [ogre/cursed -1 giant club (17)]
  3577 | D:4      | Reached skill level 6 in Axes
  3992 | D:4      | Reached skill level 5 in Fighting
  4095 | D:4      | Reached skill level 1 in Slings
  4095 | D:4      | Reached skill level 5 in Armour
  4095 | D:4      | Reached XP level 7. HP: 44/61 MP: 7/7
  4124 | D:4      | Reached skill level 1 in Stealth
  4187 | D:4      | Found a sparkling altar of Nemelex Xobeh.
  4342 | D:4      | Found a sacrificial altar of Ru.
  4388 | D:4      | Reached skill level 7 in Axes
  4415 | D:4      | Found an opulent altar of Gozag.
  4722 | D:5      | Entered Level 5 of the Dungeon
  4799 | D:5      | Found a burning altar of Makhleb.
  4799 | D:5      | Found a blossoming altar of Fedhas.
  4799 | D:5      | Found a shattered altar of Ashenzari.
  5070 | D:5      | Reached XP level 8. HP: 69/69 MP: 8/8
  5120 | D:5      | Found a shadowy altar of Dithmenos.
  5563 | D:5      | Found a snail-covered altar of Cheibriados.
  5639 | D:6      | Reached skill level 8 in Axes
  6772 | D:6      | Reached **** piety under Trog
  6781 | D:6      | Noticed Duvessa
  6928 | D:6      | Noticed Dowan
  6984 | D:5      | Slain by an ogre

Illustrated notes

Levels and vault maps discovered:
D:1:      dpeg_arrival_renting, layout_basic, minmay_cupped
D:2:      layout_loops_ring, kennysheep_vampire_church
D:3:      layout_loops_cross, amethyst_overflow_temple_binary,
          chequers_ecumenical_altar_simple_redux, first_ration
D:4:      layout_basic, nicolae_ru_great_annihilating_truth,
          nemelex_altar_shiori, kennysheep_little_box
D:5:      layout_cave_pools, slow_altar_2, gammafunk_temple_overflow_forgotten,
          nicolae_dithmenos_through_a_glass_darkly
D:6:      layout_cave_pools, gammafunk_ghost_nasty_kobolds, serial_shops,
          nicolae_shop_competitors_out_of_business, tgw_sif, uniq_edmund,
          uniq_duvessa

Skill      XL: |  1  2  3  4  5  6  7  8 |
---------------+-------------------------+-----
Fighting       | 4 5 |  5.9
Axes           | 5 6 7 8 |  8.8
Throwing       | 1 2 |  2.1
Armour         | 3 4 5 7 |  7.0
Dodging        | 2 |  2.3
Slings         | 1 |  1.4
Stealth        | 1 |  1.1

Action                   |  1- 3 |  4- 6 |  7- 9 || total
-------------------------+-------+-------+-------++-------
Melee: Hand axe          |   136 |   180 |    66 ||   382
       Battleaxe         |       |     6 |    91 ||    97
 Fire: Hunting sling     |       |     7 |       ||     7
Throw: Stone             |    44 |    35 |     5 ||    84
Invok: Berserk           |       |     1 |     3 ||     4
  Use: Potion            |       |     7 |     1 ||     8
       Scroll            |       |     7 |     3 ||    10
 Stab: Paralysed         |       |       |     1 ||     1
  Eat: Chunk             |     2 |     2 |     4 ||     8
       Ration            |       |     2 |     2 ||     4
Armor: Animal skin       |    22 |       |       ||    22
       Scale mail        |    48 |   119 |    30 ||   197
       Plate armour      |       |       |    76 ||    76
       Skin              |       |       |     1 ||     1
Dodge: Dodged            |    77 |   110 |    86 ||   273
